Map: Vaani Research Station (Void)

Players

Musumeci - Winner!

  • Race: Zerg Zerg
  • League: Diamond
  • Spawn Location: 6:00

Baumpilz

  • Race: Zerg Zerg
  • League: Diamond
  • Spawn Location: 12:00

VOD

Have the link to the VOD?

Description

Time

  • Played on: Jan. 9, 2017, 8:42 a.m.
  • Length: 8:29
Show
View Real Time Build Order
Export as new Build Order

Musumeci Zerg - Winner!

Build Orders: Pool First 

Get SALT Encoding   

  12  0:04  Drone  
  13  0:13  Overlord  
  13  0:18  Drone  
  14  0:24  Drone, Extractor  
  15  0:31  Drone  
  16  0:37  Drone  
  17  0:49  Spawning Pool  
  16  0:51  Extractor  
  16  0:52  Drone  
  16  1:18  Hatchery  
  16  1:25  Drone  
  16  1:39  Spine Crawler  
  15  1:47  Queen  
  16  1:53  Zergling x6  
  21  2:04  Overlord  
  21  2:16  Spine Crawler  
  21  2:17  Zergling x2  
  21  2:23  Metabolic Boost  
  21  2:36  Zergling x6  
  24  2:42  Drone, Baneling Nest  
  23  3:07  Drone x2  
  23  3:08  Drone x2  
  27  3:27  Baneling x2  
  27  3:31  Evolution Chamber  
  26  3:42  Drone  
  27  3:56  Baneling  
  27  3:57  Baneling  
  27  3:59  Zerg Ground Armor Level 1  
  27  4:02  Overlord x2  
  27  4:03  Overlord  
  27  4:15  Queen  
  27  4:18  Baneling x3  
  23  4:45  Zergling x2  
  23  4:46  Zergling x16  
  32  5:00  Zergling x2  
  33  5:11  Hatchery  
  32  5:18  Baneling x2  
  32  5:20  Zergling x10  
  29  5:58  Zergling x2  
  29  5:59  Zergling x16  
  36  6:06  Zergling x2  
  36  6:08  Zerg Melee Weapons Level 1  
  37  6:11  Zergling x2  
  38  6:23  Zergling x4  
  39  6:33  Spine Crawler  
  39  6:34  Spine Crawler  
  39  6:35  Spine Crawler  
  35  6:45  Zergling x8  
  38  6:58  Baneling  
  38  6:59  Baneling  
  30  7:38  Zergling x24  
  30  7:39  Zergling x2  
  43  7:54  Zergling x4  
  43  7:55  Zergling x6  
Show
View Real Time Build Order
Export as new Build Order

Baumpilz Zerg 

Build Orders: Hatch First 

Get SALT Encoding   

  12  0:01  Drone  
  13  0:13  Overlord  
  13  0:18  Drone  
  14  0:31  Drone x2  
  14  0:34  Drone  
  17  0:54  Hatchery  
  16  0:58  Drone  
  16  1:00  Drone  
  18  1:12  Extractor  
  18  1:16  Spawning Pool  
  16  1:19  Drone  
  16  1:23  Drone  
  18  1:44  Drone x2  
  20  1:57  Drone  
  21  2:02  Overlord  
  21  2:06  Queen x2  
  21  2:07  Zergling x2  
  26  2:15  Drone  
  27  2:24  Drone  
  27  2:25  Drone  
  29  2:36  Zergling x4  
  31  2:40  Spine Crawler  
  30  2:49  Zergling x4  
  30  2:50  Metabolic Boost, Zergling x2  
  33  2:55  Baneling Nest  
  32  3:18  Queen  
  34  3:25  Roach Warren  
  33  3:27  Evolution Chamber  
  33  3:29  Drone x3  
  33  3:30  Drone  
  36  3:51  Baneling x2  
  36  3:52  Baneling x4  
  36  3:59  Overlord x3  
  35  4:22  Roach, Zerg Missile Weapons Level 1  
  34  4:36  Extractor  
  32  4:39  Extractor  
  30  4:46  Roach x2  
  35  4:52  Drone  
  35  4:53  Drone x7  
  35  4:54  Drone x2  
  44  5:04  Drone x3  
  47  5:17  Roach x3  
  47  5:18  Roach  
  47  5:19  Roach  
  57  5:25  Roach  
  52  5:57  Roach x4  
  58  6:05  Roach  
  60  6:13  Overlord x3  
  60  6:16  Lair  
  60  6:24  Roach  
  60  6:25  Overlord  
  60  6:26  Overlord x2  
  60  6:47  Roach  
  60  6:48  Roach x4  
  70  7:02  Spore Crawler  
  70  7:06  Spore Crawler  
  57  7:46  Queen  
  57  7:47  Roach  
  57  7:49  Spine Crawler  
  57  7:50  Spine Crawler  
Tags
 
Add a new tag
Caveats
  • Supply blocks, unpowered buildings, or Contaminate may cause inaccurate times.
  • Supply counts are checked every 10 seconds.